 Dungeon Crawl Stone Soup version 0.31-a0-200-gbc41564c69 (webtiles) character file.

Game seed: 17642070439005520780

369 qw the Skirmisher (level 6, 0/35 HPs)
             Began as a Deep Elf Hunter on June 25, 2023.
             Slain by an orc priest
             ... wielding a +0 trident
              (8 damage)
             ... on level 4 of the Dungeon.
             The game lasted 00:01:07 (3028 turns).

qw the Skirmisher (Deep Elf Hunter)                 Turns: 3028, Time: 00:01:07

Health: 0/35       AC:  6    Str: 10    XL:     6   Next: 41%
Magic:  8/8        EV:  9    Int: 14    God:
Gold:   123        SH:  0    Dex: 18    Spells: 5/5 levels left

rFire   . . .        Y - +0 shortbow
rCold   . . .        (shield currently unavailable)
rNeg    . . .        b - +0 scale mail
rPois   .            (no helmet)
rElec   .            (no cloak)
rCorr   .            (no gloves)
SInv    +            (no boots)
Will    .....        (no amulet)
Stlth   +            a - ring of see invisible
HPRegen 0.25/turn    (no ring)
MPRegen 0.11/turn

%: no passive effects
@: lethally poisoned (0 -> -10)
A: no striking features
a: no special abilities


You were on level 4 of the Dungeon.
You visited 1 branch of the dungeon, and saw 4 of its levels.

You collected 123 gold pieces.


   Skills:
 - Level 2.0 Fighting
 + Level 9.5 Ranged Weapons
 - Level 1.7 Armour
 - Level 2.4 Dodging
 - Level 1.2 Stealth


You had 5 spell levels left.
You didn't know any spells.
Your spell library was empty.

Inventory:

Hand Weapons
 Y - a +0 shortbow (weapon)
Armour
 b - a +0 scale mail (worn)
Jewellery
 a - a ring of see invisible (left hand)
 h - a ring of fire
Scrolls
 g - 2 scrolls of identify
Potions
 c - a potion of haste {unknown}
 d - 2 potions of curing
 e - a potion of brilliance {unknown}
 f - a potion of might {unknown}
 i - a potion of attraction {unknown}
 j - a potion of heal wounds

Dungeon Overview and Level Annotations

Branches:
Dungeon (4/15)
 Temple: D:4-7

Altars:
Ashenzari
Nemelex Xobeh
Vehumet


Message History

You shoot an arrow. The arrow hits the iguana.
You kill the iguana!
The orc priest begins to cast a cantrip, but forgets the words!
The orc wizard gestures wildly while chanting.
The orc wizard flickers and vanishes for a moment.
You shoot an arrow. The arrow hits the orc wizard.
The orc wizard is moderately wounded.
You shoot an arrow. The arrow hits the orc wizard!
The orc wizard is almost dead.
The orc wizard points at you and mumbles some strange words.
The magic dart hits you.
You shoot an arrow.
The arrow hits the orc wizard but does no damage.
The orc wizard is almost dead.
An iguana comes into view.
The orc wizard gestures at you while chanting.
The orc wizard appears confused.
You shoot an arrow. The iguana hisses angrily.
The arrow hits the orc wizard but does no damage.
The orc wizard is almost dead.
The orc wizard hits you with a +2 dagger of venom.
You are poisoned.
The orc throws a boomerang.
The boomerang misses you.
The orc priest calls down the wrath of Beogh upon you.
Beogh smites you!
The orc wizard hits you with a +2 dagger of venom.
You are lethally poisoned!
You shoot an arrow. The arrow barely misses the orc wizard.
The arrow closely misses the orc wizard.
The arrow hits the iguana!
The iguana is heavily wounded.
You feel very sick.
You shoot an arrow. The arrow barely misses the orc wizard.
You feel very sick.
The orc wizard completely misses the orc wizard.
The orc wizard hits you but does no damage.
The orc hits you but does no damage.
The orc priest hits you from afar with a +0 trident!
You die...

.......###.# #.###
#..
........##.###.#.#
###
........##.....#.#
.................#
........########.#
.........## #.#
.........># #.#
#######...# #.#
.......@.# #.#
......ooo# #.#
.......o.# #.#
.......l.. #.#
....)....#.
.........#.#
.........# .
.......... ..


You could see an iguana, an orc priest, 2 orc wizards and an orc.

Vanquished Creatures
  An ogre (D:4)
  An orc priest (D:3)
  2 iguanas (D:4)
  Natasha (twice) (D:3)
  3 gnolls (D:3)
  3 adders
  A worm (D:2)
  5 dart slugs
  6 orcs
  4 ball pythons
  9 bats
  8 endoplasms
  5 giant cockroaches
  5 goblins
  3 hobgoblins
  7 quokkas
  5 frilled lizards
  8 kobolds
  7 rats
85 creatures vanquished.

Notes
Turn   | Place    | Note
-------+----------+-------------------------------------------
     0 | D:1      | qw the Deep Elf Hunter began the quest for the Orb.
     0 | D:1      | Reached XP level 1. HP: 12/12 MP: 3/3
     0 | D:1      | 0 ||| qw: Version: 0.3-a-22-g0ed2b0b
     0 | D:1      | 0 ||| qw: Game counter: 5566
     0 | D:1      | 0 ||| qw: Melee chars always use a shield: true
     0 | D:1      | 0 ||| qw: God list: Okawaru
     0 | D:1      | 0 ||| qw: Allow faded altars: false
     0 | D:1      | 0 ||| qw: Do Orc after clearing Dungeon:15 true
     0 | D:1      | 0 ||| qw: Do second Lair branch before Depths: true
     0 | D:1      | 0 ||| qw: Lair rune preference: random
     0 | D:1      | 0 ||| qw: Goals: Normal
     0 | D:1      | 0 ||| PLANNING D:1-11
    87 | D:1      | Reached skill level 6 in Ranged Weapons
    87 | D:1      | Reached XP level 2. HP: 16/16 MP: 4/4
   507 | D:1      | Reached XP level 3. HP: 20/20 MP: 5/5
   639 | D:1      | 639 ||| READING scroll labelled PIALEO YNKIPP.
   640 | D:1      | 640 ||| DRINKING 2 lumpy golden potions.
   641 | D:1      | 641 ||| DROPPING scroll of butterflies.
   906 | D:2      | Reached skill level 7 in Ranged Weapons
  1507 | D:2      | Found a radiant altar of Vehumet.
  1598 | D:2      | 1598 ||| UPGRADING to +0 scale mail.
  1608 | D:2      | 1608 ||| DROPPING +0 leather armour.
  1609 | D:2      | 1609 ||| READING 2 scrolls labelled TAFOWKIVUI.
  1610 | D:2      | 1610 ||| DROPPING scroll of revelation.
  1645 | D:3      | 1645 ||| PLANNING SEWER
  1654 | D:3      | Found a faded altar of an unknown god.
  1659 | D:3      | Reached XP level 4. HP: 25/25 MP: 6/6
  1751 | D:3      | 1751 ||| FLEEEEING.
  1752 | D:3      | 1752 ||| FLEEEEING.
  1814 | D:3      | Reached skill level 8 in Ranged Weapons
  2117 | D:3      | Reached XP level 5. HP: 29/29 MP: 7/7
  2267 | D:3      | Found a sparkling altar of Nemelex Xobeh.
  2267 | D:3      | Found a broken altar of Ashenzari.
  2267 | D:3      | Found a radiant altar of Vehumet.
  2327 | D:3      | 2327 ||| Stepping ~*~*~tactically~*~*~ (water).
  2334 | D:3      | 2334 ||| RIP SEWER
  2343 | D:3      | 2343 ||| PLANNING D:1-11
  2352 | D:3      | 2352 ||| Stepping ~*~*~tactically~*~*~ (water).
  2434 | D:3      | Noticed Natasha
  2437 | D:3      | Killed Natasha
  2438 | D:3      | Reached skill level 9 in Ranged Weapons
  2443 | D:3      | Noticed Natasha
  2445 | D:3      | Killed Natasha
  2550 | D:3      | 2550 ||| UPGRADING to ring of see invisible.
  2551 | D:3      | 2551 ||| READING scroll labelled SULAKKIFAGG.
  2552 | D:3      | 2552 ||| READING scroll labelled UFU XIAMESK.
  2553 | D:3      | 2553 ||| DRINKING 2 fizzy yellow potions.
  2555 | D:3      | 2555 ||| Stepping ~*~*~tactically~*~*~ (cloud).
  2667 | D:4      | Noticed an ogre
  2673 | D:4      | Killed an ogre
  2674 | D:4      | Reached skill level 1 in Armour
  2674 | D:4      | Reached XP level 6. HP: 34/35 MP: 8/8
  3028 | D:4      | HP: 8/35 [poisoned by an orc wizard]
  3028 | D:4      | Slain by an orc priest

Levels and vault maps discovered:
D:1:      giann_bridges, layout_loops_cross
D:2:      layout_basic, basic_altar
D:3:      layout_rooms, gammafunk_temple_overflow_claw,
          hellmonk_ecumenical_altar_run_dry, gup_sewer_entry_pipe,
          kennysheep_generic_room_16, uniq_natasha
D:4:      layout_basic

Skill      XL: |  1  2  3  4  5 |
---------------+----------------+-----
Ranged Weapons | 6 7 8 9 |  9.5
Fighting       | 2 |  2.0
Armour         | 1 |  1.7
Dodging        | |  2.4
Stealth        | |  1.2

Action                     |  1- 3 |  4- 6 || total
---------------------------+-------+-------++-------
   Fire: Shortbow          |   127 |   137 ||   264
    Use: Scroll            |     2 |     2 ||     4
         Potion            |     1 |     1 ||     2
 Armour: Leather armour    |    12 |       ||    12
         Scale mail        |       |    30 ||    30
  Dodge: Dodged            |    15 |    25 ||    40

Table legend:
 A = Non-vault XP
 B = Vault XP
 C = Vault XP percentage of total XP
 D = Non-vault monster count
 E = Vault monster count
 F = Vault count percentage of total count
                 A         B        C        D         E       F
            +---------+---------+-------+---------+---------+-------
      Total |     474 |      54 |  10.2 |      75 |      10 |  11.8
            +---------+---------+-------+---------+---------+-------
        D:1 |      47 |       0 |   0.0 |      26 |       0 |   0.0
        D:2 |      47 |       0 |   0.0 |      18 |       0 |   0.0
        D:3 |     187 |      54 |  22.4 |      27 |      10 |  27.0
        D:4 |     193 |       0 |   0.0 |       4 |       0 |   0.0
            +---------+---------+-------+---------+---------+-------
